 Dungeon Crawl Stone Soup version 0.28.0-53-g5a82cb258f (console) character file.

Game seed: 11940998528668728377

520 Faeu the Covert (level 7, -9/36 HPs)
             Began as a Vampire Enchanter on May 25, 2022.
             Mangled by an iguana (10 damage)
             ... on level 5 of the Dungeon.
             The game lasted 00:12:40 (3522 turns).

Faeu the Covert (Vampire Enchanter)                 Turns: 3522, Time: 00:12:41

Health: -9/36      AC:  2    Str:  7    XL:     7   Next: 1%
Magic:  1/9        EV: 12    Int: 17    God:
Gold:   226        SH:  0    Dex: 17    Spells: 8/10 levels left

rFire   . . .      SeeInvis +   a - +1 dagger {short}
rCold   + + .      Faith    .   (no shield)
rNeg    + + +      Spirit   .   b - +0 robe
rPois   ∞          Reflect  .   (no helmet)
rElec   .          Harm     .   (no cloak)
rCorr   .          Rampage  .   (no gloves)
Will    .....                   (no boots)
Stlth   +++++++...              (no amulet)
HPRegen 0.00/turn               (no ring)
MPRegen 0.11/turn               (no ring)

@: bloodless, inhibited regen, invisible
A: bloodless, fangs 3, see invisible, vampiric 2, low MP 1
a: Bat Form, Revivify


You were on level 5 of the Dungeon.
You visited 1 branch of the dungeon, and saw 5 of its levels.

You collected 226 gold pieces.


Innate Abilities, Weirdness & Mutations

You do not regenerate when monsters are visible.
You are frail without blood (-20% HP).
You can heal yourself when you bite living creatures.
You are immune to poison.
You have razor-sharp teeth.
You have supernaturally acute eyesight. (SInv)
You are afflicted with vampirism and can become a bat while bloodless.
Your magical capacity is low. (-10% MP)


   Skills:
 - Level 3.3 Short Blades
 - Level 2.1 Dodging
 + Level 10.9 Stealth
 - Level 2.0 Spellcasting
 + Level 5.3 Hexes


You had 8 spell levels left.
You knew the following spells:

 Your Spells              Type           Power      Damage    Failure   Level
a - Ensorcelled Hibernat  Hex/Ice        20%        N/A       10%         2

Your spell library contained the following spells:

 Spells                   Type           Power      Damage    Failure   Level
 Confusing Touch          Hex            19%        N/A       7%          3
 Tukima's Dance           Hex            19%        N/A       7%          3
 Apportation              Tloc           2%         N/A       19%         1
 Magic Dart               Conj           4%         1d3       19%         1
 Dazzling Flash           Conj/Hex       20%        N/A       21%         3
 Call Imp                 Summ           1%         N/A       28%         2
 Mephitic Cloud           Conj/Pois/Air  1%         N/A       50%         3
 Fulminant Prism          Conj/Hex       5%         3d7       54%         4
 Iskenderun's Mystic Bla  Conj/Tloc      1%         2d3       88%         4
 Alistair's Intoxication  Tmut/Pois      0%         N/A       99%         5
 Lee's Rapid Deconstruct  Erth           0%         3d5*      99%         5

Inventory:

Hand Weapons
 a - a +1 dagger (weapon) {short}
 o - the +4 quarterstaff of Ointment {elec, Contam rElec rF+ Dex+3, staff}
   (You found it on level 2 of the Dungeon)

   It occasionally discharges a powerful burst of electricity upon striking a
   foe.
   Dex:       It affects your dexterity (+3).
   rF:        It protects you from fire.
   rElec:     It insulates you from electricity.
   Contam:    It causes magical contamination when unequipped.
Missiles
 i - 56 arrows
 j - 97 stones {throwing}
 m - 4 boomerangs (quivered) {throwing}
 r - 38 sling bullets
Armour
 b - a +0 robe (worn)
 q - a +0 helmet
   (You took it off Robin on level 2 of the Dungeon)
 y - a +0 ring mail of poison resistance
   (You found it on level 4 of the Dungeon)
Jewellery
 g - a ring of willpower
   (You found it on level 1 of the Dungeon)
 k - an amulet of faith {!P}
   (You found it on level 1 of the Dungeon)
 x - an amulet of regeneration {@e2}
   (You found it on level 4 of the Dungeon)
Scrolls
 d - 5 scrolls of identify {unknown}
 f - a scroll of magic mapping {unknown}
 h - 2 scrolls of blinking {unknown}
 s - a scroll of immolation {unknown}
 u - 3 scrolls of enchant armour {unknown}
 v - 2 scrolls of holy word {unknown}
 z - 2 scrolls of teleportation {unknown}
 A - a scroll of brand weapon {unknown}
Potions
 e - a potion of flight {unknown}
 l - a potion of magic {unknown}
 n - a potion of attraction {unknown}
 p - 2 potions of mutation {unknown}
 t - a potion of curing {unknown}
 w - a potion of haste {unknown}

Dungeon Overview and Level Annotations

Branches:
Dungeon (5/15)
 Temple: D:4-7

Altars:

Shops:
D:1

[ #. #.# #####.#
##.#####.....##
.....?l@......#
####.###.####.#
#.# #.# #.#
##.#########
#.###...........
#>..#
#.##.###.#######
#[..# #.#.##
##.## #...#
#.#.# #..# #...#
#...## ##..#
#...#
####.###.#.#
#...#
##.##....#.#


You could see an iguana.


Message History

You barely miss the scorpion.
You bite the scorpion, but do no damage.
The scorpion misses you.
You closely miss the scorpion. The scorpion misses you.
The scorpion closely misses you.
You sock the scorpion!
You kill the scorpion!
Your Hexes skill increases to level 5!
You have reached level 7! 😱 HP[+1]
You now have 36 max hp (+4). 😱 MP[+1] 😱 HP[+1]
There is a stone staircase leading up here.
You start resting.
Magic restored. 😱 HP[+4] MP[+5]
You regained 4 hp, and now have 7/36 hp.
Your mp is fully restored (10).
You start resting.
HP restored. 😎 HP[+29]
You see here a +0 war axe {axe}.
Really unwield
o - the +4 quarterstaff of Ointment {elec, Contam rElec rF+ Dex+3, staff}?
Mutagenic energies flood into your body!
You are contaminated with residual magic.
The +4 quarterstaff of Ointment {elec, Contam rElec rF+ Dex+3, staff} stops crackling.
a - a +1 dagger (weapon)
{short} Your body shudders with the violent release of wild energies!
You feel less energetic. 😎 MP[-1]
There is a stone staircase leading up here.
You feel less contaminated with magical energies.
An ufetubus comes into view.
The helpless ufetubus fails to defend itself.
You perforate the ufetubus like a sieve!!!
You kill the ufetubus!
z - 2 scrolls labelled COR XITEPUDAO (gained 1)
Your magical contamination has completely faded away.
d - 5 scrolls labelled WEXTEG ICAE (gained 1)
An iguana comes into view.
The iguana hisses angrily.
You hit the iguana. The iguana misses you.
You hit the iguana. The iguana bites you! 😮 HP[-9]
You take 9 damage, and now have 27/36 hp.
MASSIVE DAMAGE!! (PAUSE)
You hit the iguana but do no damage. The iguana bites you!
* * * LOW HITPOINT WARNING * * *
😨 HP[-11]
You take 11 damage, and now have 16/36 hp.
MASSIVE DAMAGE!! (PAUSE)
Casting: Ensorcelled Hibernation (safe; 10% risk of failure)
Confirm with . or Enter, or press ? or * to list all spells.
Aiming: Ensorcelled Hibernation (safe; 10% risk of failure)
Press: ? - help, Shift-Dir - straight line, f - iguana
Aim: an iguana (moderately wounded, chance to affect: 52%)
The iguana resists with significant effort.
The iguana closely misses you. 😨 MP[-2]
You lost 2 mp, and now have 7/9 mp.
Casting: Ensorcelled Hibernation (safe; 10% risk of failure)
Confirm with . or Enter, or press ? or * to list all spells.
Aiming: Ensorcelled Hibernation (safe; 10% risk of failure)
Press: ? - help, Shift-Dir - straight line, f/p - iguana
Aim: an iguana (moderately wounded, chance to affect: 52%)
The iguana resists with significant effort.
The iguana misses you. 😨 MP[-2]
You lost 2 mp, and now have 5/9 mp.
Casting: Ensorcelled Hibernation (safe; 10% risk of failure)
Confirm with . or Enter, or press ? or * to list all spells.
Aiming: Ensorcelled Hibernation (safe; 10% risk of failure)
Press: ? - help, Shift-Dir - straight line, f/p - iguana
Aim: an iguana (moderately wounded, chance to affect: 52%)
The iguana resists with significant effort.
The iguana closely misses you. 😨 MP[-2]
You lost 2 mp, and now have 3/9 mp.
You hit the iguana but do no damage. The iguana bites you!
* * * LOW HITPOINT WARNING * * *
😱 HP[-13]
You take 13 damage, and now have 3/36 hp.
MASSIVE DAMAGE!! (PAUSE)
You hit the iguana but do no damage.
Casting: Ensorcelled Hibernation (safe; 10% risk of failure)
Confirm with . or Enter, or press ? or * to list all spells.
Aiming: Ensorcelled Hibernation (safe; 10% risk of failure)
Press: ? - help, Shift-Dir - straight line, f/p - iguana
Aim: an iguana (moderately wounded, chance to affect: 52%)
The iguana resists with significant effort.
The iguana bites you.
* * * LOW HITPOINT WARNING * * *
😱 HP[-2] MP[-2]
You take 2 damage, and now have 1/36 hp.
You lost 2 mp, and now have 1/9 mp.
You hit the iguana but do no damage. Your bite misses the iguana.
The iguana closely misses you.
You hit the iguana but do no damage. The iguana closely misses you.
You fade into invisibility!
The iguana bites you!
You die...

Skill      XL: |  1  2  3  4  5  6 |
---------------+-------------------+-----
Stealth        | 5 9 10 | 10.9
Short Blades   | 2 3 |  3.3
Hexes          | 5 |  5.3
Dodging        | |  2.1
Spellcasting   | |  2.0

Action                   |  1- 3 |  4- 6 |  7- 9 || total
-------------------------+-------+-------+-------++-------
Melee: Dagger            |    69 |       |     8 ||    77
       Bite              |    10 |    12 |       ||    22
       Punch             |     1 |       |       ||     1
       Quarterstaff      |       |   114 |       ||   114
Throw: Stone             |     4 |       |       ||     4
 Cast: Ensorcelled Hiber |       |     4 |     4 ||     8
 Abil: Exsanguinate      |       |     1 |       ||     1
  Use: Potion            |       |       |     1 ||     1
 Stab: Sleeping          |     7 |    21 |     1 ||    29
Armor: Robe              |    11 |    10 |       ||    21
Dodge: Dodged            |    44 |    75 |     6 ||   125

Levels and vault maps discovered:
D:1:      dpeg_arrival_windows_large_door, layout_rooms, serial_shops, shop,
          hangedman_decor_points, chequers_avenue
D:2:      layout_loops_ring, uniq_sigmund, uniq_robin
D:3:      layout_loops_cross
D:4:      layout_loops_corners
D:5:      layout_loops_ring, hex_large

Notes
Turn   | Place    | Note
-------+----------+-------------------------------------------
     0 | D:1      | Faeu the Vampire Enchanter began the quest for the Orb.
     0 | D:1      | Reached XP level 1. HP: 13/13 MP: 3/3
     0 | D:1      | magus.rc [v1.9.6]
   158 | D:1      | Reached skill level 5 in Stealth
   295 | D:1      | Found Ucew's Antique Armour Emporium.
   317 | D:1      | You pick up a book of Party Tricks and begin reading...
   317 | D:1      | You add the spells Apportation and Alistair's Intoxication
                  | to your library.
   425 | D:1      | Reached XP level 2. HP: 6/19 MP: 5/5
   612 | D:2      | Noticed Robin
   812 | D:2      | Noticed Sigmund
   815 | D:2      | Killed Sigmund
   816 | D:2      | Reached skill level 9 in Stealth
   816 | D:2      | Gained mutation: You are afflicted with vampirism and can
                  | become a bat while bloodless. [Vampire growth]
   816 | D:2      | Reached XP level 3. HP: 20/24 MP: 6/6
   816 | D:2      | Reached XP level 4. HP: 25/30 MP: 7/7
   816 | D:2      | Reached XP level 5. HP: 29/35 MP: 8/8
   877 | D:2      | Identified the +4 quarterstaff of Ointment {elec, Contam
                  | rElec rF+ Dex+3}
  1238 | D:2      | Killed Robin
  1243 | D:2      | Reached skill level 2 in Short Blades
  1669 | D:3      | Reached XP level 6. HP: 41/41 MP: 9/9
  1709 | D:3      | You pick up a book of Blasting and begin reading...
  1709 | D:3      | You add the spells Fulminant Prism, Iskenderun's Mystic
                  | Blast and Lee's Rapid Deconstruction to your library.
  1735 | D:3      | Reached skill level 10 in Stealth
  1935 | D:3      | Reached skill level 3 in Short Blades
  2531 | D:4      | Learned a level 2 spell: Ensorcelled Hibernation
  3048 | D:4      | You pick up a book of Minor Magic and begin reading...
  3048 | D:4      | You add the spells Magic Dart, Call Imp and Mephitic Cloud
                  | to your library.
  3094 | D:5      | Entered Level 5 of the Dungeon
  3112 | D:5      | HP: 7/32 [scorpion (8)]
  3113 | D:5      | HP: 1/32 [scorpion (6)]
  3117 | D:5      | Reached skill level 5 in Hexes
  3117 | D:5      | Reached XP level 7. HP: 2/36 MP: 4/10
  3417 | D:5      | Gained mutation: Your magical capacity is low. (-10% MP)
                  | [mutagenic glow]
  3517 | D:5      | HP: 3/36 [iguana (13)]
  3519 | D:5      | HP: 1/36 [iguana (2)]
  3522 | D:5      | Mangled by an iguana

Vanquished Creatures
  Sigmund (D:2)
  A scorpion (D:5)
  A hound (D:4)
  A centaur skeleton (D:4)
  An orc priest (D:3)
  2 orc wizards (D:3)
  Robin (D:2)
  7 adders
  An ufetubus (D:5)
  An adder skeleton (D:4)
  2 worms
  5 orcs (D:3)
  7 endoplasms
  4 giant cockroaches
  15 goblins
  6 hobgoblins
  2 kobolds (D:1)
  2 quokkas
  6 ball pythons
  3 bats
  A frilled lizard (D:1)
  4 rats
74 creatures vanquished.

Table legend:
 A = Non-vault XP
 B = Vault XP
 C = Vault XP percentage of total XP
 D = Non-vault monster count
 E = Vault monster count
 F = Vault count percentage of total count
                 A         B        C        D         E       F
            +---------+---------+-------+---------+---------+-------
      Total |     483 |     260 |  35.0 |      61 |      13 |  17.6
            +---------+---------+-------+---------+---------+-------
        D:1 |      12 |       0 |   0.0 |       8 |       0 |   0.0
        D:2 |      48 |     260 |  84.4 |      13 |      13 |  50.0
        D:3 |     182 |       0 |   0.0 |      25 |       0 |   0.0
        D:4 |     145 |       0 |   0.0 |      13 |       0 |   0.0
        D:5 |      96 |       0 |   0.0 |       2 |       0 |   0.0
            +---------+---------+-------+---------+---------+-------

Illustrated notes

Table legend:
 A = Kills in this place as a percentage of kills in entire the game.
 B = Kills by you in this place as a percentage of kills by you in the entire game.
 C = Kills by friends in this place as a percentage of kills by friends in the entire game.
 D = Other kills in this place as a percentage of other kills in the entire game.
 E = Experience gained in this place as a percentage of experience gained in the entire game.
 F = Experience gained in this place divided by the number of levels of this place that you have seen.
                   A       B       C       D       E      F
               +-------+-------+-------+-------+-------+----------------------
         Total | 100.0 | 100.0 |   N/A |   N/A | 100.0 | 148.6
       Dungeon | 100.0 | 100.0 |   N/A |   N/A | 100.0 | 148.6
               +-------+-------+-------+-------+-------+----------------------

Table legend: (Time is in decaauts)
 A = Elapsed time spent in this place.
 B = Non-inter-level travel time spent in this place.
 C = Inter-level travel time spent in this place.
 D = Time resting spent in this place.
 E = Time spent auto-exploring this place.
 F = Levels seen in this place.
 G = Mean time per level.
                   A        B        C        D        E       F      G
               +--------+--------+--------+--------+--------+-----+--------+
         Total |   3550 |   3467 |     83 |    274 |   2232 |   5 |  710.0 |
       Dungeon |   3550 |   3467 |     83 |    274 |   2232 |   5 |  710.0 |
               +--------+--------+--------+--------+--------+-----+--------+

Top non-repeatable levels by time:
     D:4: 841 daAuts
     D:3: 837 daAuts
     D:2: 826 daAuts
     D:1: 616 daAuts
     D:5: 428 daAuts
